[Event "Match/Team URS-World 20,5-19,5"]
[Site "Belgrade"]
[Date "1970.04.04"]
[Round "4.10"]
[White "Keres, Paul"]
[Black "Ivkov, Borislav"]
[Result "1-0"]
[ECO "B50"]
[WhiteElo "2600"]
[BlackElo "2570"]
[Annotator "Keres/Ivkov"]
[PlyCount "73"]
[EventDate "1970.03.29"]
[EventType "team"]
[EventRounds "4"]
[EventCountry "YUG"]
[SourceTitle "MCL"]
[Source "ChessBase"]
[SourceDate "1999.07.01"]
[SourceVersion "1"]
[SourceVersionDate "1999.07.01"]
[SourceQuality "1"]
[WhiteTeam "Soviet Union"]
[BlackTeam "Soviet Union"]
[WhiteTeamCountry "URS"]
[BlackTeamCountry "URS"]
[TimeControl "40/9000:16/5400:0"]

1. e4 c5 2. Nf3 d6 3. Nc3 Bg4 $2 {Keres=:K/Ivkov=:I} 4. h3 $1 {K/I} Bxf3 5.
Qxf3 Nc6 6. g3 $146 {K/I} (6. Bb5 Rc8 7. O-O g6 8. d3 Bg7 9. Bg5 Nf6 10. Nd5
O-O 11. Bxc6 bxc6 12. Nxf6+ exf6 13. Bh4 Rb8 14. b3 Qe7 15. Rae1 Qe6 16. Qd1
Rfe8 17. g4 Qd7 18. f4 d5 19. f5 g5 20. Bg3 Rbd8 21. exd5 cxd5 22. Rxe8+ Rxe8
23. Re1 Rd8 24. Qd2 Bf8 25. Qc3 Kg7 26. Qxf6+ Kxf6 27. Be5+ Ke7 28. Bc7+ Kf6 {
1/2-1/2 (28) Ivkov,B-Pirc,V Zagreb 1949}) 6... g6 7. Bg2 Bg7 8. O-O h5 $2 {
K/??I} (8... Nf6 $142 {K/I}) (8... e6 $142 {I}) 9. d3 h4 10. g4 e5 $2 (10... e6
11. Qd1 {P f4 K} g5 $1 {I}) 11. Nd5 Nce7 (11... Nge7 12. Qd1 {P 12.f4 K}) (
11... Nd4 12. Qd1 Ne6 13. f4 {K/I}) 12. Rb1 $1 {P b4 K/I} Nxd5 13. exd5 a5 $2 {
I} (13... Ne7 14. b4 b6 15. bxc5 bxc5 16. Bg5 f6 {P 0-0 I}) 14. c3 Ne7 15. Qe2
f5 (15... O-O 16. Bg5) 16. f4 fxg4 (16... Qd7 $142 {K}) 17. Qxg4 Qd7 18. fxe5 (
18. Qe6 $1 {K}) 18... Bxe5 (18... Qxg4 $142 19. hxg4 Bxe5 {K}) 19. Bg5 (19. Qe6
$1 {K/I}) 19... Qxg4 20. hxg4 Rh7 21. Be4 Kd7 22. Rf3 Rg8 (22... h3 23. Rbf1
h2+ 24. Kh1 {K}) 23. Rbf1 Ke8 {P f5} 24. Kh1 $3 {K/I} h3 25. Rd1 (25. d4 cxd4
26. cxd4 Bxd4 27. Rd3 $16 {I}) 25... Kd7 26. d4 cxd4 27. cxd4 Bh8 28. Kh2 (28.
Rdf1 Bxd4 29. Rf7 Rgg7 {K}) 28... Rc8 29. Rdf1 Bxd4 (29... Rg8 30. Rf7 Rgg7 31.
Rf8 {P 32. d3, 32. f6}) 30. Rf7 Be5+ 31. Kh1 Rxf7 32. Rxf7 Rc4 (32... Re8 33.
Bd3 $18 {K}) 33. Bxg6 Rd4 34. Rxe7+ Kc8 35. Bf5+ Kb8 36. Re8+ Ka7 (36... Kc7
37. Bd8+ Kb8 38. Bb6# {K}) 37. Be3 1-0

[Event "Belgrade RAD 30"]
[Site "Belgrade"]
[Date "1977.01.31"]
[Round "13.2"]
[White "Sax, Gyula"]
[Black "Ostojic, Predrag"]
[Result "0-1"]
[ECO "B50"]
[WhiteElo "2565"]
[BlackElo "2480"]
[Annotator "Primel,D"]
[PlyCount "80"]
[EventDate "1977.01.15"]
[EventType "tourn"]
[EventRounds "13"]
[EventCountry "SRB"]
[EventCategory "9"]
[SourceTitle "EXT 2018"]
[Source "ChessBase"]
[SourceDate "2017.10.13"]
[SourceVersion "1"]
[SourceVersionDate "2017.10.13"]
[SourceQuality "1"]
[TimeControl "40/9000:16/5400:0"]

1. e4 c5 2. Nf3 d6 3. d3 g6 4. g3 Bg7 5. Bg2 e5 (5... Nf6 6. O-O O-O 7. Nbd2
Nc6 8. a4 b6 9. Nc4 Bb7 10. Bd2 Qc7 11. Re1 Rab8 12. Qc1 Rfe8 13. Bf4 Rbd8 14.
h3 Qc8 15. Bh6 d5 16. exd5 Nxd5 17. Bxg7 Kxg7 18. Nce5 Nf6 19. Qf4 Nxe5 20.
Nxe5 Rd4 21. Bxb7 Qxb7 22. Qe3 Red8 23. Re2 e6 24. b3 h5 25. Rae1 Rh8 26. h4
Rc8 27. Qg5 Re8 {1/2-1/2 (27) Botvinnik,M-Petrosian,T Soviet Union 1966}) (5...
Nc6 6. O-O e5 (6... e6)) 6. O-O Ne7 7. c3 O-O $146 (7... Nbc6 8. Be3 O-O 9. Na3
b6 10. Qc1 Ba6 11. Rd1 Rc8 12. Bh6 Rc7 13. Nc4 Bc8 14. Bxg7 Kxg7 15. Ne3 f5 16.
Qd2 f4 17. Nd5 Nxd5 18. exd5 Nb8 19. Qe2 g5 20. Nd2 Rcf7 21. Be4 Nd7 22. f3 Nf6
23. g4 Bb7 24. c4 Bc8 25. Qg2 Rh8 26. h4 gxh4 27. Kf2 Kf8 28. Rh1 Rg7 29. Qh3
h5 30. Qxh4 Rhg8 31. gxh5 Nxe4+ 32. dxe4 Rg2+ 33. Ke1 Rg1+ 34. Nf1 Qxh4+ 35.
Rxh4 R8g3 36. Rh2 Rxf3 37. Rf2 {Drimer,D-Medina Garcia,A Hastings 1969 0-1}) 8.
a3 d5 $5 {Les Blancs sont ambitieux mais c'est un peu risqué car le
développement de l'aile-dame n'est pas terminé.} (8... Nbc6) 9. Nbd2 d4 10.
cxd4 cxd4 11. b4 Na6 $5 12. Bb2 Bd7 $132 (12... f6 13. Qb3+ Kh8 14. Rac1 Bh6) 13. Nc4 Qb8 (13... f6) 14. Nfd2 Nc7 15. f4 (15. Rc1 $143 $6 Ne6 ) 15... exf4 16. Rxf4 Nb5 (16... Ne6) 17. Nb3 Nc3 18. Qe1 Ba4 19. Nc5 Bc6 20. Kh1 Qd8
$17 21. Qf2 b6 22. Nb3 Ba4 23. e5 $1 Bxb3 24. Rxd4 Ncd5 25. Bxd5 Nxd5 26. Qf3
b5 27. Rxd5 Qe8 28. Nd6 $2 Bxd5 29. Qxd5 Qe6 30. Qxb5 Rad8 31. d4 Qb3 (31...
Rxd6 $1 32. exd6 Qe4+ 33. Kg1 Bxd4+ 34. Bxd4 Qxd4+ 35. Kg2 Qxa1) 32. Qe2 f6 33.
Rd1 $2 (33. Nb7 Qd5+ 34. Qg2) 33... fxe5 34. dxe5 Rf2 $1 35. Qxf2 Qxd1+ 36. Qg1
Qf3+ 37. Qg2 Qd1+ 38. Qg1 Rxd6 39. exd6 Qxg1+ 40. Kxg1 Bxb2 0-1

[Event "Belgrade RAD 30"]
[Site "Belgrade"]
[Date "1977.01.26"]
[Round "9.2"]
[White "Ostojic, Predrag"]
[Black "Suetin, Alexey S"]
[Result "0-1"]
[ECO "B50"]
[WhiteElo "2480"]
[BlackElo "2525"]
[Annotator "Primel,D"]
[PlyCount "50"]
[EventDate "1977.01.15"]
[EventType "tourn"]
[EventRounds "13"]
[EventCountry "SRB"]
[EventCategory "9"]
[SourceTitle "EXT 2018"]
[Source "ChessBase"]
[SourceDate "2017.10.13"]
[SourceVersion "1"]
[SourceVersionDate "2017.10.13"]
[SourceQuality "1"]
[TimeControl "40/9000:16/5400:0"]

1. e4 c5 2. Nf3 Nc6 3. b3 d6 4. Bb2 e5 $1 {Probablement une des meilleures
lignes contre la variante b3} 5. Bb5 Nf6 6. Nc3 (6. Qe2 Bd7) 6... g6 $146 (6...
Be7 7. Bxc6+ bxc6 8. h3 Nd7 9. O-O Nf8 10. Ne2 Ne6 11. c3 Ba6 12. Re1 c4 13. d3
cxd3 14. Nc1 O-O 15. Nxd3 Bb7 16. c4 c5 17. Qc2 Bg5 18. Rad1 Qf6 19. Nxg5 Qxg5
20. Re3 f5 21. Rg3 Qh5 22. exf5 Rxf5 23. Ne1 Nf4 24. f3 Rf6 25. Nd3 Nxg2 26.
Qxg2 Bxf3 27. Rxg7+ Kh8 28. Qg5 Qxg5+ 29. Rxg5 Bxd1 30. Nxe5 dxe5 31. Bxe5 Raf8
32. Bc3 R8f7 33. Bxf6+ Rxf6 34. Rxc5 Kg7 35. b4 a6 36. Rd5 {Seidler,A-Dubin,J
Buenos Aires 1976 0-1}) (6... Bd7) 7. O-O Bg7 8. Ne1 $6 {[%cal
Gf2f4] Il est naturel de vouloir lutter pour les cases Noires mais ce plan est
très lent} O-O 9. Bxc6 bxc6 10. f4 $6 {La suite logique de Ne1 mais les Blacs
n'ont pas tout vu.} exf4 11. Rxf4 Nh5 $1 12. Rf1 Bd4+ 13. Kh1 Qh4 $1 $36 {
[%csl Gd4][%cal Gh5g3,Gh4h1] Probablement oublié par le yougoslave lorsqu'il
a joué Ne1} 14. Qf3 Bg4 {Gagnant un nouveau tempo et la position Blanche
devient difficile} 15. Qd3 Be5 $40 16. h3 Ng3+ 17. Kg1 Bd4+ 18. Kh2 Nxf1+ 19.
Qxf1 Be5+ 20. Kg1 Qg3 (20... f5 $5 {[%cal Gf8f1] Probablement gagnant
également}) 21. Nf3 Bxf3 22. Qxf3 Qh2+ 23. Kf2 f5 24. Ke2 Rae8 25. Re1 Bg3 {
Une partie à sens unique} 0-1

[Event "Plancoet op-A 10th"]
[Site "Plancoet"]
[Date "2013.07.31"]
[Round "5"]
[White "Tirard, Hugo"]
[Black "Jianu, Vlad Cristian"]
[Result "0-1"]
[ECO "B50"]
[WhiteElo "2421"]
[BlackElo "2560"]
[Annotator "RR"]
[PlyCount "77"]
[EventDate "2013.07.28"]
[EventType "swiss"]
[EventRounds "9"]
[EventCountry "FRA"]
[SourceTitle "EXT 2017"]
[Source "ChessBase"]
[SourceDate "2016.10.25"]
[SourceVersion "1"]
[SourceVersionDate "2016.10.25"]
[SourceQuality "1"]
[TimeControl "40/5400+30:1800+30"]

1. e4 c5 2. Nf3 d6 3. Bc4 Nf6 4. d3 (4. c3) (4. e5) 4... Nc6 5. c3 g6 6. O-O
Bg7 7. Bb3 O-O 8. Re1 (8. h3 b5 9. Re1 (9. d4)) 8... b5 9. Nbd2 (9. h3) 9... e5
10. a4 $146 (10. Nf1 d5 11. Bg5 dxe4 12. dxe4 c4 13. Bc2 h6 14. Bxf6 Bxf6 15.
Ne3 Be6 16. Nd5 Rb8 17. Qe2 Bg7 18. Red1 Qc8 19. a4 a6 20. axb5 axb5 21. b3
cxb3 22. Bxb3 Qb7 23. Qe3 Rfc8 {1/2-1/2 (23) Repkova,E (2410)-Simacek,P (2420)
Slovakia 2004}) 10... b4 11. Nc4 h6 12. h3 Rb8 13. Be3 Be6 14. a5 Re8 (14...
Bxc4 15. Bxc4 Nxa5 16. Nd2 bxc3 17. bxc3 Qb6 18. Qa4 $44) 15. Ba4 Qc7 16. cxb4
Rxb4 17. Qc1 Bxc4 18. dxc4 Kh7 (18... Nxe4 19. Bxh6) 19. Nd2 Reb8 $36 {Malgré
la paire de B adverse, le GMI commence à prendre l'initiative} 20. Bb5 Nxa5
21. Ra3 a6 $1 22. Bxa6 Rxb2 23. Qc3 R2b4 24. Bb5 Nc6 25. Ra6 Rb6 26. Rxb6 Qxb6
$15 27. Ra1 Nd4 28. Bxd4 exd4 29. Qd3 Qc7 30. Ra6 Rb2 31. Nf3 Qe7
(31... Qb7 32. Rxd6 Nxe4) 32. Bc6 Rb4 33. Nd2 Nh5 34. Nf3 Rb2 (
34... Nf4) 35. Ra1 Nf4 36. Qa3 d3 $19 37. Rd1 Re2 38. Kf1 Rc2 39. Qb3 0-1